 Dungeon Crawl Stone Soup version 0.25.1-2-g60ff931df9 (webtiles) character file.

Game seed: 13483174462794343564

34 ubername the Cudgeler (level 3, -1/33 HPs)
             Began as a Minotaur Berserker on Nov 19, 2020.
             Was a Believer of Trog.
             Slain by an adder (4 damage)
             ... on level 1 of the Dungeon.
             The game lasted 00:02:11 (1060 turns).

ubername the Cudgeler (Minotaur Berserker)          Turns: 1060, Time: 00:02:11

Health: -1/33      AC:  3    Str: 22    XL:     3   Next: 14%
Magic:  2/2        EV: 12    Int:  4    God:    Trog [**....]
Gold:   49         SH:  0    Dex:  9    Spells: 2/2 levels left

rFire    . . .     SeeInvis .   a - +0 mace
rCold    . . .     Gourm    .   (no shield)
rNeg     . . .     Faith    .   e - +0 leather armour
rPois    .         Spirit   .   (helmet restricted)
rElec    .         Reflect  .   (no cloak)
rCorr    .         Harm     .   (no gloves)
MR       .....                  (no boots)
Stlth    +.........             (no amulet)
HPRegen  0.11/turn              (no ring)
MPRegen  0.08/turn              (no ring)

@: lethally poisoned (-1 -> -3), berserk cooldown, slowed, lightly drained, very
slow
A: retaliatory headbutt, horns 2
a: Berserk, Trog's Hand, Renounce Religion


You were on level 1 of the Dungeon.
You worshipped Trog.
Trog was pleased with you.
You were very hungry.

You visited 1 branch of the dungeon, and saw 2 of its levels.

You collected 49 gold pieces.

Inventory:

Hand Weapons
 a - a +0 mace (weapon)
Armour
 e - a +0 leather armour (worn)
Jewellery
 i - an uncursed ring of positive energy {unknown}
Scrolls
 b - 2 scrolls of identify {unknown}
 d - a scroll of remove curse {unknown}
 j - a scroll of immolation {unknown}
Potions
 g - a potion of invisibility {unknown}
 h - a potion of heal wounds {unknown}
 k - a potion of haste {unknown}
Comestibles
 c - 2 rations


   Skills:
 + Level 4.1(4.0) Fighting
 + Level 4.4(4.3) Maces & Flails
 + Level 2.8(2.7) Armour
 + Level 2.4(2.2) Dodging


You had 2 spell levels left.
You didn't know any spells.
Your spell library was empty.

Dungeon Overview and Level Annotations

Branches:
Dungeon (2/15)

Altars:

Annotations:
D:2 Robin


Innate Abilities, Weirdness & Mutations

You reflexively headbutt those who attack you in melee.
You have a pair of horns on your head.


Message History

You sock the goblin!
You kill the goblin!
Trog accepts your kill.
You are no longer berserk.
You are exhausted.
You feel yourself slow down. The adder barely misses you.
You furiously retaliate!
You headbutt the adder. You hit the adder but do no damage.
The adder is moderately wounded.
You feel sick. The adder barely misses you. The adder bites you.
* * * LOW HITPOINT WARNING * * *
You barely miss the adder.
The adder is moderately wounded.
The adder bites you.
* * * LOW HITPOINT WARNING * * *
The adder misses you. The adder barely misses you.
You miss the adder.
The adder is moderately wounded.
The adder bites you.
You die...

##########.###.#
#...........##.#
#...........##.#
#####............#.#
................##.#########
.....######[##.............#
.....# #.##.###.#######.#
.....######.##.###.#.......#
.....+.........>@..#.####..#
.....##.....##.S####.# #..###
.....##.....##..## #.# #....#
.....##..........###.#####..##
.#######.#####.......#..)....#
.........######.####.#.###.###
########.............(.......#
..≈≈##########....)(.#.#######
≈........#####..............#


You could see an adder.

Vanquished Creatures
  A dart slug (D:1)
  7 goblins
  4 hobgoblins
  2 jackals (D:1)
  7 kobolds (D:1)
  6 bats
  A frilled lizard (D:1)
  4 rats (D:1)
32 creatures vanquished.

Notes
Turn   | Place    | Note
-------+----------+-------------------------------------------
     0 | D:1      | ubername the Minotaur Berserker began the quest for the
                  | Orb.
     0 | D:1      | Reached XP level 1. HP: 19/19 MP: 0/0
   291 | D:1      | Reached XP level 2. HP: 23/27 MP: 1/1
   695 | D:1      | Reached ** piety under Trog
  1004 | D:1      | bitch
  1039 | D:2      | Noticed Robin
  1048 | D:2      | Reached XP level 3. HP: 22/33 MP: 2/2
  1060 | D:1      | Slain by an adder

Illustrated notes

#.......###........######..
#.......# ########## #....
#...))..# #.... #.......#
#.... #.......# ##.#.
#.......# ######.##
#.......# ######.≈..≈...
#.......######.......≈.≈≈≈≈
#####.####@.....§...≈≈≈≈≈≈≈
#.##).§§§.§§≈≈§≈≈≈≈≈≈≈≈
#.#...§§≈§≈§≈≈§§≈≈≈≈≈≈≈
#.#.≈≈≈≈§≈#≈≈≈≈≈≈######
#.#≈≈≈#§≈≈#≈≈≈≈###
#.#§§§#≈≈≈#≈≈≈##
#.#≈≈§#§§§#≈≈≈# #######
#.#§§≈#§≈§#§≈≈# #.....#
#.#≈≈§#§≈≈#≈≈§#


Turn 1004 on D:1: bitch

Levels and vault maps discovered:
D:1:      dpeg_arrival_water_fire, layout_basic
D:2:      minmay_razor_zed, layout_basic, lemuel_coloured_pillars_altar,
          first_ration, uniq_robin

Skill      XL: |  1  2 |
---------------+-------+-----
Maces & Flails | 4 |  4.4
Fighting       | 4 |  4.1
Armour         | |  2.8
Dodging        | |  2.4

Action                   || total
-------------------------++-------
Melee: Mace              ||    52
       Headbutt          ||     4
Invok: Berserk           ||     1
Armor: Leather armour    ||    16
Dodge: Dodged            ||    54
